Cogmind - Beta 15 @@@ ROGUE MODE // 2025.10.21 @ 01:00:16 Player: shapeshifter Result: Destroyed by UZ-0BQ(R) with Subdweller Beam Cannon Performance ------------- Evolutions (0) 0 Regions Visited (2) 400 Robots Destroyed (20) 100 Value Destroyed (585) 585 Prototype IDs (0) 0 Alien Tech Used (0) 0 Bonus (0) 0 TOTAL SCORE: 1085 Bonus ------- None Cogmind --------- Core Integrity 0/250 Matter 42/300 Energy 100/100 System Corruption 1% Temperature Cool (9) Movement Core (350) Ox6 Location -10/Subcaves Parts ------- > --- POWER (1) -------- (None) > --- PROPULSION (2) --- (None) > --- UTILITY (2) ------ Large Storage Unit Core Shielding > --- WEAPON (2) ------- (None) > --- INVENTORY (15) --- Aluminum Leg Huge Storage Unit Seismic Detector Core Shielding Shield Generator Rainbow Chip Mini Grenade Launcher Mini Grenade Launcher Mini Grenade Launcher Peak State ------------ > --- POWER ------------ Subdweller Power Source > --- PROPULSION ------- Subdweller Monowheel Subdweller Monowheel > --- UTILITY ---------- Large Storage Unit Core Shielding > --- WEAPON ----------- Subdweller Machine Gun Battle Cannon > --- INVENTORY -------- Aluminum Leg Huge Storage Unit Seismic Detector Core Shielding Shield Generator Rainbow Chip Mini Grenade Launcher Mini Grenade Launcher Mini Grenade Launcher Mini Grenade Launcher [Rating: 14] Favorites ----------- Power Light Ion Engine Engine Light Ion Engine Propulsion Aluminum Leg Treads Light Treads Leg Aluminum Leg Wheel Subdweller Monowheel Utility Large Storage Unit Device Seismic Detector Storage Large Storage Unit Protection Light Armor Plating Weapon Light Assault Rifle Ballistic Gun Light Assault Rifle Ballistic Cannon Battle Cannon Launcher Mini Grenade Launcher Build | -11 -10 -10 ------- Run | Yrd Mat Sub Slots Evolved . | . . . Power . | . . . Propulsion . | . . . Utility . | . . . Weapon . | . . . Parts Attached 22 | 7 5 10 Power 3 | 1 1 1 Engine 3 | 1 1 1 Core . | . . . Reactor . | . . . Propulsion 6 | 2 2 2 Treads 2 | 2 . . Leg 2 | . 2 . Wheel 2 | . . 2 Hover . | . . . Flight . | . . . Utility 6 | 2 2 2 Device 1 | 1 . . Storage 3 | 1 2 . Processor . | . . . Hackware . | . . . Protection 2 | . . 2 Artifact . | . . . Weapon 7 | 2 . 5 Energy Gun . | . . . Energy Cannon . | . . . Ballistic Gun 4 | 2 . 2 Ballistic Cannon 1 | . . 1 Launcher 2 | . . 2 Special Weapon . | . . . Impact Weapon . | . . . Slashing Weapon . | . . . Piercing Weapon . | . . . Special Melee Weapon . | . . . Unidentified Prototypes . | . . . Parts Lost 11 | . 3 8 Power 2 | . 1 1 Propulsion 4 | . 2 2 Utility 1 | . . 1 Weapon 4 | . . 4 Highest Loss Streak 6 | . 3 6 To Critical Strikes . | . . . Average Backups 8 | 3 8 9 Power . | . . . Propulsion . | 1 . . Utility 4 | . 3 5 Weapon 3 | . 2 4 Tool/Special . | . . . Unused Backups 11 | . 5 6 Power . | . . . Propulsion 2 | . 2 . Utility 5 | . 1 4 Weapon 4 | . 2 2 Tool/Special . | . . . Average Slot Usage (%) 98 | . 97 99 Engine 13 | . 13 13 Treads 6 | . 21 . Leg 18 | . 4 25 Wheel 1 | . . 2 Device 4 | . 14 . Storage 14 | . 14 14 Protection 9 | . . 13 Ballistic Gun 27 | . 28 26 Peak Build Rating 14 | 7 8 14 Average Rating 8 | 5 7 9 On Entrance 5 | . 7 8 Naked Turns . | . . . Heaviest Build 36 | 14 29 36 Greatest Support 40 | 40 40 40 Greatest Overweight (x) 7 | . 7 1 Average Overweight (x) . | . . . Largest Inventory Capacity 15 | 8 15 15 Average Capacity 13 | 7 12 15 Most Carried 12 | 5 11 12 Average Carried 8 | 3 8 9 Final Capacity 15 | 8 15 15 Final Carried 9 | 4 9 9 Class Distribution -------------------- 100% | Mutant Dominant Class ---------------- Mutant | -10/Materials Mutant | -10/Subcaves Resources | -11 -10 -10 ----------- Run | Yrd Mat Sub Matter Collected 776 | 268 262 246 Remotely . | . . . Salvage Created 676 | 100 408 168 Parts 37 | 8 21 8 Haulers Intercepted . | . . . Recyclers Shooed 2 | 1 1 . Parts Field Recycled . | . . . Retrieved Matter . | . . . Parts Self-Destructed 11 | . . 11 Prevented . | . . . Kills | -11 -10 -10 ------- Run | Yrd Mat Sub Combat Hostiles Destroyed 14 | . 8 6 Guns 14 | . 8 6 Classes Destroyed 6 | 2 3 1 Worker 1 | . 1 . Tunneler 2 | 2 . . Recycler 1 | 1 . . Watcher 2 | . 2 . Grunt 9 | . 8 1 Subdweller 5 | . . 5 Best Kill Streak 3 | 2 3 3 Combat Bots Only 3 | . 2 3 Max Kills in Single Turn 1 | 1 1 1 Gunslinging . | . . . Exploded . | . . . Melee . | . . . Uniques/NPCs Destroyed . | . . . Combat | -11 -10 -10 -------- Run | Yrd Mat Sub Hostile Shots Fired 123 | . 75 48 Missed 39 | . 23 16 Hits 84 | . 52 32 Projectile 84 | . 52 32 Critical Strikes 4 | . 2 2 Damage Taken 1473 | . 647 826 Core 259 | . 123 136 Absorbed by Shields . | . . . Redirected to Shielding 20 | . . 20 Core Remaining (%) 100 | 100 . . Volleys Fired 147 | 10 55 82 Largest 2 | 2 2 2 Hottest 63 | 40 40 63 Shots Fired 288 | 20 111 157 Gun 275 | 20 111 144 Cannon 10 | . . 10 Launcher 3 | . . 3 Special . | . . . Kinetic 285 | 20 111 154 Thermal . | . . . Explosive 3 | . . 3 Electromagnetic . | . . . Robot Hit Streak 12 | 6 11 12 Robot Miss Streak 3 | 1 3 2 Penetration Max . | . . . Secondary Targets 3 | . 2 1 Max Gunslinging Chain 1 | . 1 1 Shots Hit Robots 138 | 14 77 47 Core Hits 42 | 5 26 11 Critical Kills . | . . . Critical Parts Destroyed 1 | . 1 . Critical Strikes 2 | . 1 1 Destroy 2 | . 1 1 Melee Attacks . | . . . Impact . | . . . Slashing . | . . . Piercing . | . . . Sneak Attacks . | . . . Combat Hostiles . | . . . Follow-up Attacks . | . . . Damage Inflicted 1851 | 144 820 887 Guns 1640 | 144 820 676 Cannons 123 | . . 123 Explosions 88 | . . 88 Melee . | . . . Ramming . | . . . Kinetic 1763 | 144 820 799 Thermal . | . . . Explosive 88 | . . 88 Electromagnetic . | . . . Impact . | . . . Slashing . | . . . Piercing . | . . . Highest Corruption 1 | . 1 1 Average Corruption 1 | . 1 1 Corruption Purged . | . . . Corruption Blocked . | . . . Effects 19 | . 4 15 Message Errors 3 | . . 3 Matter Fused 7 | . 3 4 Heat Flow Errors 1 | . . 1 Energy Discharges 2 | . . 2 Parts Fused 1 | . . 1 Data Loss (minor) 1 | . . 1 Data Loss (major) 1 | . . 1 Misfires 2 | . 1 1 Alerts 1 | . . 1 Overload Shots . | . . . Overflow Damage 70 | . . 70 Projectiles . | . . . Explosions 70 | . . 70 Melee . | . . . Knockbacks 1 | . . 1 Impact . | . . . Kinetic 1 | . . 1 Secondary . | . . . Self-Inflicted Damage 88 | . . 88 Shots 2 | . . 2 Rammed . | . . . Targets Rammed . | . . . Kicked . | . . . Crushed . | . . . Highest Temperature 250 | . 36 250 Average Temperature 43 | . 9 129 Received Heat Transfer 818 | . 408 410 Siege Activations . | . . . Martial Activations . | . . . Shielding Activations . | . . . Robots Disrupted . | . . . Combat Hostiles . | . . . Robots Corrupted . | . . . Combat Hostiles . | . . . Parts Fried . | . . . Impact Corruptions . | . . . Robots Melted . | . . . Combat Hostiles . | . . . Parts Melted . | . . . Heat Transferred . | . . . Parts Sabotaged . | . . . Parts Stolen . | . . . Parts Stripped . | . . . Power Chain Reactions . | . . . Alert | -11 -10 -10 ------- Run | Yrd Mat Sub Maximum Alert Level . | . . . Low Security (%) 100 | 100 100 . Level 1 . | . . . Level 2 . | . . . Level 3 . | . . . Level 4 . | . . . Level 5 . | . . . High Security . | . . . Max Security . | . . . Peak Influence 74 | 5 74 . Initial . | . . . Average 16 | 1 18 . Influence Increases 330 | 15 295 20 Destroy 0b10 Robot/C 180 | . 160 20 Destroy 0b10 Robot/NC 30 | 15 15 . Destroy Leader 34 | . 34 . Successful Hack 26 | . 26 . Select Force Hacks 30 | . 30 . Lose Combat Pursuer 30 | . 30 . Influence Decreases 330 | 15 243 72 Entered New Map 26 | . . 26 Time Decay 274 | 15 213 46 Lost Part 30 | . 30 . Squads Dispatched 2 | . 2 . Investigation 1 | . 1 . Extermination . | . . . Reinforcement 1 | . 1 . Assault . | . . . Garrison . | . . . Intercept . | . . . Searches Triggered . | . . . Construction Impeded . | . . . Haulers Reinforced . | . . . Active Scanning Responses . | . . . Cargo Convoy Interrupts . | . . . Stealth | -11 -10 -10 --------- Run | Yrd Mat Sub Distress Signals . | . . . Communications Jammed . | . . . Distress Signals . | . . . Times Spotted 24 | . 18 6 Peak Tracking Total 4 | . 4 3 Tactical Retreats 2 | . 2 . Traps | -11 -10 -10 ------- Run | Yrd Mat Sub Traps Triggered 1 | . 1 . Indirectly . | . . . Trap Hack Attempts . | . . . Triggered . | . . . Disarmed . | . . . Reprogrammed . | . . . Reused . | . . . Traps Extracted . | . . . Installed . | . . . Triggered . | . . . Machines | -11 -10 -10 ---------- Run | Yrd Mat Sub Machines Disabled . | . . . Max in Single Turn . | . . . Machines Repaired . | . . . Machines Dismantled . | . . . Machines Sabotaged . | . . . Overloaded Fab Kills . | . . . Hacking | -11 -10 -10 --------- Run | Yrd Mat Sub Machines Accessed 7 | . 6 1 Terminals 5 | . 5 . Fabricators . | . . . Repair Stations . | . . . Recycling Units 1 | . 1 . Scanalyzers . | . . . Garrison Access . | . . . Total Hacks 23 | . 19 4 Successful 18 | . 14 4 Failed 5 | . 5 . Catastrophic . | . . . Database Lockouts . | . . . Manual 17 | . 17 . Terminals 17 | . 17 . Fabricators . | . . . Repair Stations . | . . . Recycling Units 2 | . 2 . Scanalyzers . | . . . Garrison Access . | . . . Terminal Hacks 6 | . 2 4 Record 4 | . . 4 Branch Access Points 1 | . 1 . Registered Components 1 | . 1 . Fabricator Hacks . | . . . Repair Station Hacks . | . . . Recycling Unit Hacks 1 | . 1 . Retrieve Components 1 | . 1 . Scanalyzer . | . . . Garrison Access Hacks . | . . . Unauthorized Hacks 11 | . 11 . Terminals 10 | . 10 . Botnet 4 | . 4 . Operators 1 | . 1 . Skim 5 | . 5 . Fabricators . | . . . Repair Stations . | . . . Recycling Units 1 | . 1 . Tunnel 1 | . 1 . Scanalyzers . | . . . Garrison Access . | . . . Data Cores Recovered . | . . . Used . | . . . Hacking Detections 4 | . 4 . Full Trace Events . | . . . Feedback Events . | . . . Feedback Blocked . | . . . Robot Schematics Acquired . | . . . Robots Built . | . . . Authchips . | . . . Time . | . . . Total Robot Build Rating . | . . . Part Schematics Acquired . | . . . Parts Built . | . . . Authchips . | . . . Time . | . . . Total Part Build Rating . | . . . Parts Repaired . | . . . Time . | . . . Parts Recycled . | . . . Recycled Matter . | . . . Retrieved Matter . | . . . Retrieved Components 9 | . 9 . Parts Scanalyzed . | . . . Part Schematics Acquired . | . . . Parts Damaged . | . . . Bothacking | -11 -10 -10 ------------ Run | Yrd Mat Sub Used RIF Installer . | . . . Robots Hacked . | . . . Non-combat . | . . . Combat . | . . . Robot Hacks Applied . | . . . Relay Couplers Released . | . . . Fabnet Peak Effective % . | . . . Robots Rewired . | . . . Allies Hacked . | . . . Hacks Repelled . | . . . Allies | -11 -10 -10 -------- Run | Yrd Mat Sub Total Allies . | . . . Largest Group . | . . . Highest-Rated Group . | . . . Highest-Rated Ally . | . . . Total Orders . | . . . Ally Attacks . | . . . Total Damage . | . . . Kills . | . . . Allies Corrupted . | . . . Allies Melted . | . . . Intel | -11 -10 -10 ------- Run | Yrd Mat Sub Active Infowar (turns) 1029 | 25 969 35 Seismic 1029 | 25 969 35 Robot Analysis Total . | . . . Derelict Logs Recovered 1 | . . 1 Drone Launches . | . . . Drone Recoveries . | . . . Exploration | -11 -10 -10 ------------- Run | Yrd Mat Sub Turns Passed 3205 | 121 969 2115 Spaces Moved 1476 | 58 441 977 Core 16 | 15 1 . Treads 437 | 43 394 . Legs 899 | . 46 853 Wheels 124 | . . 124 Hover . | . . . Flight . | . . . Fastest Speed 50 | 50 160 110 Average Speed 173 | 131 164 180 Slowest Speed 400 | 160 400 190 Overloaded Moves . | . . . Propulsion Burnouts . | . . . Robots Hopped . | . . . Potential Cave-ins . | . . . Cave-ins Triggered . | . . . Exploration Rate (%) 41 | 4 73 47 Regions Visited 2 Branch Regions 1 Pre-discovered Areas 4 | . 3 1 Known Exits Taken 1 | . 1 . Unknown Exits Taken 1 | 1 . . Scrap Searched . | . . . Spaces Dug 12 | . . 12 Terrain Destroyed 33 | . . 33 Melee . | . . . Projectile 14 | . . 14 AOE 19 | . . 19 Terrain Rammed . | . . . Walls Destroyed . | . . . Machines Disabled . | . . . Actions | -11 -10 -10 --------- Run | Yrd Mat Sub Total 1857 | 85 590 1182 Wait 166 | . 69 97 Move 1474 | 57 440 977 Hop . | . . . Pick Up 33 | 11 14 8 Fast Attach . | . . . Attach 15 | 7 3 5 Detach . | . . . Swap 10 | . 2 8 Drop 12 | . 7 5 Fire 147 | 10 55 82 Melee . | . . . Ram . | . . . Kick . | . . . Crush . | . . . Escape Stasis . | . . . Rewire . | . . . Trap . | . . . Miscellaneous . | . . . Route ------- -11/Scrapyard -10/Materials (discovered 5 exits: *Mat x3 / Min / *Sub) -10/Subcaves (discovered 3 exits: *Mat / Rec / [*Scr]) History --------- Turn | Location | Event 5 | -11/Scrapyard | Discovered new exit (range 15) 122 | -11/Scrapyard | Entered Materials 311 | -10/Materials | Build established: Mutant 426 | -10/Materials | Identified exit to Mines 487 | -10/Materials | Discovered new exit (range 9) 792 | -10/Materials | Discovered new exit (range 12) 835 | -10/Materials | Learned location of Recycling (-8) 859 | -10/Materials | Learned 4 Subcaves zone layouts 873 | -10/Materials | Learned location of 1 exit from Storage 877 | -10/Materials | Identified exit to Materials 878 | -10/Materials | Learned location of Mines (-9) 879 | -10/Materials | Learned 2 Storage zone layouts 902 | -10/Materials | Identified exit to Subcaves 902 | -10/Materials | Learned location of 1 exit from Materials 920 | -10/Materials | Lost 3 parts (1p2n) 1091 | -10/Materials | Entered Subcaves 1092 | -10/Subcaves | Approached by a straggling Scientist 1092 | -10/Subcaves | Identified exit to Materials 1092 | -10/Subcaves | Identified exit to Recycling 1380 | -10/Subcaves | Learned location of Zion (-7) 1380 | -10/Subcaves | Met a Zionite searching for "candidates" 1501 | -10/Subcaves | Learned Materials terminal intel 1607 | -10/Subcaves | A swath of the cavern ceiling suddenly collapsed 1859 | -10/Subcaves | Visited Clippyterm 1865 | -10/Subcaves | Learned Research machine intel 1865 | -10/Subcaves | Learned Factory garrison access intel 2272 | -10/Subcaves | Scientist uncovered a shortcut to Scraptown 2757 | -10/Subcaves | A swath of the cavern ceiling suddenly collapsed 2931 | -10/Subcaves | A Subdweller sparked back to life 2931 | -10/Subcaves | A Subdweller sparked back to life 2931 | -10/Subcaves | A Subdweller sparked back to life 2963 | -10/Subcaves | Found Prototype Processor 3067 | -10/Subcaves | Core integrity fell below 50% 3205 | -10/Subcaves | Core integrity fell below 20% 3206 | -10/Subcaves | Destroyed by UZ-0BQ(R) with Subdweller Beam Cannon Last Messages --------------- 03073_ Lgt. Treads fries itself beyond repair. 03077_ System corrupted: Matter fused (-5). 03089_ Acquired Battle Cannon. 03091_ Acquired 58 matter. 03096_ Acquired 30 matter. 03147_ Critical hit (Meltdown: +260). 03151_ Sub. Power Source destroyed. 03158_ UZ-0BQ(R) knocked back. 03180_ Sub. Monowheel destroyed. 03183_ FR-E7A(R) destroyed. 03188_ Acquired 6 matter. 03189_ Acquired 8 matter. 03193_ Battle Cannon destroyed. 03197_ UZ-0BQ(R) affixes Scrap Shield Fragment to Scrap Shield. 03200_ Sub. Machine Gun destroyed. 03202_ Sub. Monowheel destroyed. 03202_ Destroyed Sub. Monowheel. 03203_ The unstable cave ceiling collapses. 03204_ Mni. Grenade Launcher destroyed. 03204_ Destroyed Mni. Grenade Launcher. Map ----- +----------------------------------------------------+ | ##???## ?????????????????????????????? | | #??#### ?????????????????????????????? | | ###?## ?????????????????????????????? | | ##?### ?????????????????????????????? | | ##?## ?????????????????????????????? | | #### ?????????????????????????????? | | ## ?????????????????????????????? | | ## ### #?????????????????????????????? | | ###### ###?????????????????????????????? | | #????## ##??????????????????????????????? | | #????# ##?????????????????????????????? | | #????## #?????????????"#??????????????? | | ?????????????????????##???"??? "??????????????? | | ????????????????????#? ?#""?? #??????????????? | | ????????????????????? ##" " #??????????????? | | ?????????????????????? """ "" ##?????????????? | | ???????????????? ?????"" """ "#?????????????? | | ???????????????? "" ??? """"""#?????????????? | | ????????????????? """??? """ "#?????????????? | | ?????????????????? """"??# " #?????????????? | | ???????????????????# """??# #?????????????? | | ????????????????????# ""?## #?????????????? | | ???????????????????## "### ###?????????????? | | ?????????????????### " ##???????????????? | | ????????????????## #????????????????? | | ??????????????### R@ ###????????????????? | | ??????????????# #?????????????????? | | ??????????????## #?????????????????? | | ???????????????## # ####????????????????? | | ????????????????# ##???????????????? | | ????????????????## #???????????????? | | ?????????????????# ###???????????????? | | ?????????????????## #?????????????????? | | ??????????????????## #?????????????????? | | ## ????????????????#### ##????????????????? | | ?????????????????# #????????????????? | | ?????????##??#?### #????????????????? | | ???????# #### ## ##????????????????? | | #???????# #?????????????????? | | ?????????# #?????????????????? | | ##?######### ## # #?????????????????? | | ## # # ### #?######## #?????????????????? | | # #????????## ##?????????????????? | | ? # #????###### ##?????????????????? | | #??? ## ###### # #?????????????????? | | ##??## ### ## ## ##?????????????????? | | #### ## * # ####??????????????????? | | [ ! ####?????????????????????? | | %###????????????????????????? | | ## ## % ##??????????????????????????? | +----------------------------------------------------+ Best States ------------- Heat Dissipation 25 Energy Generation 15 Energy Capacity 250 Matter Stores 298 Matter Capacity 300 Sight Range 16 Terrain Scan Density 10 Armor Coverage 150 Core Shielding 20 Evasion (%) 50 Recoil Reduction 2 Item Schematics ----------------- None Robot Schematics ------------------ None Fabricated ------------ Nothing Repaired ---------- Nothing Alien Tech Used ----------------- None Achievements -------------- None Challenges ------------ None Game ------ Seed SalvageFactoryGuard Manual? 0 Play Time 00:12:57 Cumulative 406.4 hours Start 2025.10.21 @ 00:49:00 End 2025.10.21 @ 01:00:16 Sessions 1 Manual Loads 0 Difficulty Rogue Special Mode None Game No. 524 Rogue 524 Adventurer 0 Explorer 0 Win Type - Total 12 Types 6/0/1/2/1/0/2/0/0/0 Lore% 88 Gallery% 84 Achievement% 72 Wizard Run 0 Options --------- Layout 0 ASCII 0 Keyboard 0 Movement Mouse Keybinds 0 Fullscreen 1 Font 24/Tamsyn Map View 76x50 Zoom Use 0% Tactical HUD 1 Map Filters NONE Filters NONE Steam 1 RUN: 1256c9fc-a11b-47a0-bff8-56178fe25cb9